 Dungeon Crawl Stone Soup version 0.27-a0-1308-gc08437e49b (webtiles) character file.

Game seed: 6841461863510218739

77 hatdisgam the Insei (level 4, -3/39 HPs)
             Began as a Naga Transmuter on June 18, 2021.
             Slain by an orc (6 damage)
             ... on level 2 of the Dungeon.
             The game lasted 00:02:36 (1385 turns).

hatdisgam the Insei (Naga Transmuter)               Turns: 1385, Time: 00:02:37

Health: -3/39      AC:  2    Str: 12    XL:     4   Next: 34%
Magic:  5/7        EV: 10    Int: 14    God:
Gold:   90         SH:  0    Dex: 12    Spells: 4/7 levels left

rFire    . . .     SeeInvis +     - Unarmed
rCold    . . .     Faith    .   (no shield)
rNeg     . . .     Spirit   .   a - +0 robe
rPois    +         Reflect  .   g - +0 hat
rElec    .         Harm     .   (no cloak)
rCorr    .         Rampage  .   (no gloves)
Will     .....                  (no barding)
Stlth    +.........             (no amulet)
HPRegen  0.13/turn              (no ring)
MPRegen  0.10/turn              (no ring)

@: wereblooded (expiring), very slow
A: AC +1, large, see invisible, deformed body, poison resistance, slowness 2,
spit poison 1, naga tail 1
a: Spit Poison


You were on level 2 of the Dungeon.
You visited 1 branch of the dungeon, and saw 2 of its levels.

You collected 90 gold pieces.

Inventory:

Armour
 a - a +0 robe (worn)
 g - a +0 hat (worn)
Scrolls
 b - a scroll of identify {unknown}
 c - a scroll of enchant armour {unknown}
 e - a scroll of blinking {unknown}
 f - a scroll of vulnerability {unknown}
Potions
 d - a potion of brilliance {unknown}
 h - a potion of haste {unknown}


   Skills:
 + Level 2.1 Fighting
 - Level 1.5 Dodging
 * Level 4.1 Unarmed Combat
 - Level 2.0 Spellcasting
 + Level 2.7 Transmutations


You had 4 spell levels left.
You knew the following spells:

 Your Spells              Type           Power      Damage    Failure   Level
a - Beastly Appendage     Tmut           18%        N/A       8%          1
b - Wereblood             Tmut           9%         N/A       12%         2

Your spell library contained the following spells:

 Spells                   Type           Power      Damage    Failure   Level
 Spider Form              Tmut/Pois      2%         N/A       38%         3
 Ice Form                 Ice/Tmut       5%         N/A       80%         4


Dungeon Overview and Level Annotations

Branches:
Dungeon (2/15)

Altars:


Innate Abilities, Weirdness & Mutations

Your serpentine skin is tough. (AC +1)
You have supernaturally acute eyesight. (SInv)
Armour fits poorly on your strangely shaped body.
Your system is resistant to poisons. (rPois)
You cover ground very slowly.
You can spit poison.
You have a snake-like lower body.


Message History

The orc is almost dead.
The orc hits you with a +0 short sword.
You punch the orc!
You feel a bit better.
You kill the orc!
You punch the orc wizard!
The orc wizard is heavily wounded.
You howl as the wereblood boils in your veins!
You barely miss the orc wizard.
The orc wizard is heavily wounded.
You howl as the wereblood boils in your veins!
The orc wizard casts a spell at you. The magic dart hits you.
* * * LOW HITPOINT WARNING * * *
You hit the orc wizard.
The orc wizard is almost dead.
The orc wizard hits you with a +0 dagger.
* * * LOW HITPOINT WARNING * * *
You miss the orc wizard.
The orc wizard is almost dead.
Your primal bloodlust is almost over.
The orc wizard hits you but does no damage.
You closely miss the orc wizard.
The orc wizard is almost dead.
You howl as the wereblood boils in your veins!
The orc wizard hits you with a +0 dagger.
* * * LOW HITPOINT WARNING * * *
You closely miss the orc wizard.
The orc wizard is almost dead.
The orc wizard hits you with a +0 dagger.
* * * LOW HITPOINT WARNING * * *
You hit the orc wizard.
You feel a bit better.
You kill the orc wizard!
Your Fighting skill increases to level 2!
Your Unarmed Combat skill increases to level 4!
You have reached level 4!
You feel agile.
You hit the orc.
The orc is severely wounded.
The orc hits you with a +0 hand axe.
You die...

#############...
........@oo..>#
........#####.#
#######.# #.##
#..# #..# #..#
#..## #...# ...


You could see 2 orcs.

Vanquished Creatures
  An orc priest (D:2)
  An orc wizard (D:2)
  An orc (D:2)
  A ball python (D:1)
  4 bats
  An endoplasm (D:1)
  A giant cockroach (D:1)
  3 goblins (D:1)
  A quokka (D:1)
  4 frilled lizards (D:1)
  4 kobolds
  A rat (D:2)
23 creatures vanquished.

Vanquished Creatures (others)
  4 plants (D:2)
4 creatures vanquished.

Grand Total: 27 creatures vanquished

Notes
Turn   | Place    | Note
-------+----------+-------------------------------------------
     0 | D:1      | hatdisgam the Naga Transmuter began the quest for the Orb.
     0 | D:1      | Reached XP level 1. HP: 18/18 MP: 3/3
   358 | D:1      | Reached XP level 2. HP: 14/25 MP: 5/5
   950 | D:1      | Learned a level 2 spell: Wereblood
  1372 | D:2      | Reached XP level 3. HP: 25/32 MP: 3/6
  1385 | D:2      | Reached skill level 4 in Unarmed Combat
  1385 | D:2      | Reached XP level 4. HP: 3/39 MP: 4/7
  1385 | D:2      | Slain by an orc

Illustrated notes

Levels and vault maps discovered:
D:1:      minmay_arrival_three_doors, layout_basic
D:2:      layout_basic, chequers_big_river, chequers_serial_rivers_micro_b

Skill      XL: |  1  2  3 |
---------------+----------+-----
Fighting       | 2 |  2.1
Unarmed Combat | 4 |  4.1
Dodging        | |  1.5
Spellcasting   | |  2.0
Transmutations | |  2.7

Action                   |  1- 3 |  4- 6 || total
-------------------------+-------+-------++-------
Melee: Unarmed           |    59 |     1 ||    60
       Headbutt          |     1 |       ||     1
       Punch             |     1 |       ||     1
 Cast: Beastly Appendage |     1 |       ||     1
       Wereblood         |     1 |       ||     1
 Abil: Spit Poison       |    14 |       ||    14
Armor: Robe              |     8 |       ||     8
Dodge: Dodged            |    21 |       ||    21

Table legend: (Time is in decaauts)
 A = Elapsed time spent in this place.
 B = Non-inter-level travel time spent in this place.
 C = Inter-level travel time spent in this place.
 D = Time resting spent in this place.
 E = Time spent auto-exploring this place.
 F = Levels seen in this place.
 G = Mean time per level.
                   A        B        C        D        E       F      G
               +--------+--------+--------+--------+--------+-----+--------+
         Total |   1637 |   1583 |     54 |    139 |   1268 |   2 |  818.5 |
       Dungeon |   1637 |   1583 |     54 |    139 |   1268 |   2 |  818.5 |
               +--------+--------+--------+--------+--------+-----+--------+

Top non-repeatable levels by time:
     D:1: 1433 daAuts
     D:2: 204 daAuts
